 Dungeon Crawl Stone Soup version bcrawl-1.21-1-g5bcee87e22 (webtiles) character file.

Game seed: 16108709096769183288

70 Mimshu the Chopper (level 4, 0/28 HPs)
             Began as a Skeleton Reaver on Feb 11, 2020.
             Was a Follower of Vehumet.
             Killed by divine providence
             ... invoked by an orc priest
              (6 damage)
             ... on level 3 of the Dungeon.
             The game lasted 00:07:24 (2201 turns).

Mimshu the Chopper (Skeleton Reaver)                Turns: 2201, Time: 00:07:25

Health: 0/28       AC:  5    Str: 18 (19) XL:     4   Next: 4%
Magic:  0/8        EV: 12    Int: 11 (12) God:    Vehumet [*.....]
Gold:   230        SH:  0    Dex:  7      Spells: 9/9 levels left

rFire    . . .     SeeInvis .   a - +0 war axe
rCold    + . .     Gourm    .   (no shield)
rNeg     + + +     Faith    .   b - +0 steam dragon scales
rPois    ∞         Spirit   +   (no helmet)
rElec    .         Reflect  .   (no cloak)
rCorr    .         Harm     .   (no gloves)
MR       .....                  (no boots)
Stlth    +.........             (no amulet)
HPRegen  0.09/turn              (no ring)
MPRegen  0.11/turn              (no ring)

@: no status effects
A: no food or potions, cold resistance 1, deterioration 1, negative energy
resistance 3, torment resistance, unbreathing, magic shield, sturdy frame 1,
spell healing
a: Renounce Religion


You were on level 3 of the Dungeon.
You worshipped Vehumet.
Vehumet was aware of your devotion.
You were not hungry.

You visited 1 branch of the dungeon, and saw 3 of its levels.

You collected 230 gold pieces.

Inventory:

Hand Weapons
 a - a +0 war axe (weapon)
 i - a +0 hand axe
Missiles
 e - a throwing net (quivered) {!f}
 g - 63 tomahawks
Armour
 b - +0 steam dragon scales (worn)
 d - a +0 chain mail
Scrolls
 c - a scroll of immolation
 f - a scroll of remove curse {unknown}
 h - 6 scrolls of identify {unknown}
 j - 3 scrolls of teleportation {unknown}
 k - a scroll of amnesia {unknown}
 n - a scroll of fog {unknown}
 o - a scroll of fear {unknown}
Potions
 l - a potion of berserk rage {unknown}
 m - 2 potions of degeneration {unknown}


   Skills:
 + Level 3.4 Fighting
 + Level 4.8 Axes
 + Level 3.5 Dodging
 + Level 0.4 Stealth
 + Level 3.2 Spellcasting


You had 9 spell levels left.
You didn't know any spells.
Your spell library contained the following spells:

 Spells                   Type           Power        Failure   Level  Hunger
 Flame Tongue             Conj/Fire      #....        7%          1    N/A
 Iskenderun's Battlesphe  Conj/Chrm      #.......     85%         5    N/A

Dungeon Overview and Level Annotations

Branches:
Dungeon (3/12)

Altars:


Innate Abilities, Weirdness & Mutations

You do not eat or drink.
You are immune to poison.
Your flesh is cold resistant. (rC+)
Your body sometimes deteriorates upon taking damage.
You are immune to negative energy. (rN+++)
You are immune to unholy pain and torment.
You can survive without breathing.
When hurt, damage is shared between your health and your magic reserves.
Your movements are slightly less encumbered by armour. (ER -2)
Casting spells heals you.


Message History

You hit the orc.
The orc is heavily wounded.
The orc closely misses you.
You completely miss the orc.
The orc is heavily wounded.
The orc priest mumbles some strange prayers to Beogh against you.
Beogh smites you!
* * * LOW HITPOINT WARNING * * *
The orc barely misses you.
You closely miss the orc.
The orc is heavily wounded.
The orc closely misses you.
You closely miss the orc.
The orc is heavily wounded.
The orc closely misses you.
You hit the orc.
The orc is almost dead.
The orc priest mumbles some strange prayers to Beogh against you.
Beogh smites you!
You die...

. ...
############lg...
#...<##..@ooo#
#.#####.######
#######.# #.#
#.......# #.#
#.####### #.#
##.###########.#
#..............#
################


You could see an orc priest, 2 orcs, a hobgoblin and a frilled lizard.

Vanquished Creatures
  Jessica (D:2)
  An ooze (D:3)
  2 dart slugs
  5 leopard geckos
  4 goblins
  4 hobgoblins
  2 jackals (D:2)
  A quokka (D:2)
  3 bats (D:1)
  2 frilled lizards
  2 kobolds
  3 rats
30 creatures vanquished.

Notes
Turn   | Place    | Note
-------+----------+-------------------------------------------
     0 | D:1      | Mimshu the Skeleton Reaver began the quest for the Orb.
     0 | D:1      | Reached XP level 1. HP: 14/14 MP: 4/4
   455 | D:1      | Reached XP level 2. HP: 16/19 MP: 4/6
   519 | D:1      | Reached skill level 4 in Axes
  1474 | D:2      | Noticed Jessica
  1486 | D:2      | Killed Jessica
  1486 | D:2      | Reached XP level 3. HP: 23/23 MP: 7/7
  1718 | D:2      | Reached * piety under Vehumet
  1718 | D:2      | Offered knowledge of Flame Tongue by Vehumet.
  2147 | D:3      | Reached XP level 4. HP: 27/28 MP: 6/8
  2201 | D:3      | Killed from afar by an orc priest

Skill      XL: |  1  2 |
---------------+-------+-----
Axes           | 4 |  4.8
Fighting       | |  3.4
Dodging        | |  3.5
Stealth        | |  0.4
Spellcasting   | |  3.2

Action                   |  1- 3 |  4- 6 || total
-------------------------+-------+-------++-------
Melee: War axe           |    92 |    10 ||   102
Armor: Steam dragon scal |    34 |       ||    34
Dodge: Dodged            |    68 |     7 ||    75
